 Dungeon Sprint DCSS version 0.17-a0-1719-g1afd5a1 (webtiles) character file.

2187 Kidiri the Covert (level 9, 0/39 HPs)
             Began as a Spriggan Enchanter on Aug 27, 2015.
             Was an Elder of Dithmenos.
             Succumbed to a trapdoor spider's poison
             ... in the Dungeon (Sprint III: "The Ten Rune Challenge").
             The game lasted 00:07:06 (1410 turns).

Kidiri the Covert (Spriggan Enchanter)              Turns: 1410, Time: 00:07:06

Health: 0/39       AC:  3    Str:  4    XL:     9   Next: 11%
Magic:  22/25      EV: 29    Int: 18    God:    Dithmenos [****..]
Gold:   37         SH:  0    Dex: 18    Spells: 5 memorised, 18 levels left

rFire  . . .     SeeInvis +     a - +1 dagger
rCold  . . .     Clarity  .     b - +1 robe
rNeg   . . .     SustAt   .     (shield restricted)
rPois  .         Gourm    .     (helmet restricted)
rElec  .         Spirit   .     (no cloak)
rCorr  .         Warding  .     (gloves unavailable)
rMut   .         NoTele   +     (boots unavailable)
MR     +....                    (no amulet)
Stlth  +++++++++.               (no ring)
                                (no ring)

@: lethally poisoned (0 -> -14), wreathed by umbra, very quick, somewhat
resistant to hostile enchantments, incredibly stealthy
A: unfitting armour, see invisible, herbivore 3, speed 3, slow metabolism 2
a: Shadow Step, Renounce Religion


You were in the Dungeon.
You worshipped Dithmenos.
Dithmenos was greatly pleased with you.
You were not hungry.

You visited 1 branch You collected 37 gold pieces.

Inventory:

Hand weapons
 a - a +1 dagger (weapon)
Armour
 b - a +1 robe (worn)
Scrolls
 j - a scroll of blinking
 k - a scroll of torment
 m - 4 scrolls of remove curse
 p - a scroll of holy word
Potions
 e - a potion of berserk rage
 f - 2 potions of might
 g - a potion of haste
 h - 2 potions of magic
 n - 2 potions of cure mutation
 o - 4 potions of flight
Comestibles
 c - a royal jelly
 d - 3 bread rations


   Skills:
 + Level 7.1 Short Blades
 * Level 12.9 Dodging
 * Level 14.1 Stealth
 * Level 11.2 Spellcasting
 + Level 4.1 Conjurations
 + Level 8.7 Hexes
 + Level 5.1 Ice Magic
 - Level 4.8 Invocations


You had 18 spell levels left.
You knew the following spells:

 Your Spells              Type           Power        Failure   Level  Hunger
a - Corona                Hex            #####..      1%          1    None
b - Ensorcelled Hibernat  Hex/Ice        #####.       1%          2    None
c - Confuse               Hex            #####...     1%          3    None
d - Tukima's Dance        Hex            #####...     1%          3    None
e - Dazzling Spray        Conj/Hex       ####....     1%          3    None


Dungeon Overview and Level Annotations

Branches:
Dungeon (1/1)

Altars:
Cheibriados
Dithmenos
Elyvilon
Fedhas
Gozag
Kikubaaqudgha
Makhleb
Nemelex Xobeh
Okawaru
Qazlal
Ru
Sif Muna
Trog
Vehumet
Xom
Yredelemnul
Zin
The Shining One
Jiyva
Lugonu


Innate Abilities, Weirdness & Mutations

You are tiny and cannot use many weapons and most armour.
You have supernaturally acute eyesight.
You are a herbivore.
You cover ground extremely quickly.
You need consume almost no food.


Message History

The trapdoor spider resists with significant effort.
You feel sick.
The trapdoor spider completely misses you.
The trapdoor spider bites you!
* * * LOW HITPOINT WARNING * * *
Unknown command.
Drink which item? (? for menu, Esc to quit)
Okay, then.
Unknown command.
Unknown command.
* * * LOW HITPOINT WARNING * * *
You feel sick.
Unknown command.
* * * LOW HITPOINT WARNING * * *
You feel sick.
* * * LOW HITPOINT WARNING * * *
You feel sick.
Things that are here:
a giant club; a throwing net; 4 chunks of flesh You die...

__[#__# ..)#%_# +###+##
......# ......# #####'#
__#...#+#####################
__#...#....#)#)#).ss.#......+
__#...##.#.)#.##@###.#......#
__#...'##.#.#.##.#).##......#
_.+...#...#..#..##.)'s......#
▓▓▓▓▓▓▓▓▓▓▓▓▓▓▓▓▓▓▓▓#s......#
#.......# +.......# #....^..#
##+######


You could see 2 trapdoor spiders.

Vanquished Creatures
  Erolcha (D)
  A redback (D)
  A shadow (D)
  2 hill giants (D)
  A spatial vortex (D)
  A necrophage (D)
  3 two-headed ogres (D)
  A water elemental (D)
  A jelly (D)
  A necromancer (D)
  A wizard (D)
  A kobold demonologist (D)
  3 humans (D)
  An ooze (D)
  A phantom (D)
  3 rats (D)
23 creatures vanquished.

Vanquished Creatures (collateral kills)
  A deep elf priest (D)
1 creature vanquished.

Vanquished Creatures (others)
  2 draconian scorchers (D)
  2 yaktaurs (D)
  2 fire drakes (D)
  3 plants (D)
9 creatures vanquished.

Grand Total: 33 creatures vanquished

Notes
Turn   | Place    | Note
--------------------------------------------------------------
     0 | D        | Kidiri the Spriggan Enchanter began the quest for the Orb.
     0 | D        | Reached XP level 1. HP: 9/9 MP: 5/5
    11 | D        | Reached skill level 5 in Stealth
   174 | D        | Reached XP level 2. HP: 13/13 MP: 5/7
   186 | D        | Learned a level 2 spell: Ensorcelled Hibernation
   187 | D        | Killed a white draconian scorcher
   225 | D        | Killed a yaktaur
   265 | D        | Killed a white draconian scorcher
   302 | D        | Killed a fire drake
   441 | D        | Reached skill level 5 in Dodging
   441 | D        | Reached skill level 6 in Stealth
   441 | D        | Reached XP level 3. HP: 16/16 MP: 5/9
   454 | D        | Gained mutation: You are clumsy. (Dex -2) [potion of mutation]
   454 | D        | Gained mutation: Armour fits poorly on your strangely shaped body. [potion of mutation]
   454 | D        | Gained mutation: Your muscles are strong. (Str +2) [potion of mutation]
   455 | D        | Lost mutation: You are clumsy. (Dex -2) [potion of cure mutation]
   455 | D        | Lost mutation: Armour fits poorly on your strangely shaped body. [potion of cure mutation]
   455 | D        | Lost mutation: Your muscles are strong. (Str +2) [potion of cure mutation]
   456 | D        | Gained mutation: You occasionally shout uncontrollably at your foes. [potion of mutation]
   456 | D        | Gained mutation: You are weak. (Str -2) [potion of mutation]
   456 | D        | Gained mutation: Armour fits poorly on your strangely shaped body. [potion of mutation]
   457 | D        | Lost mutation: You are weak. (Str -2) [potion of cure mutation]
   457 | D        | Lost mutation: You occasionally shout uncontrollably at your foes. [potion of cure mutation]
   457 | D        | Lost mutation: Armour fits poorly on your strangely shaped body. [potion of cure mutation]
   462 | D        | Learned a level 3 spell: Confuse
   466 | D        | Learned a level 3 spell: Tukima's Dance
   480 | D        | Noticed a water elemental
   483 | D        | Killed a water elemental
   483 | D        | Reached skill level 7 in Stealth
   483 | D        | Reached skill level 5 in Spellcasting
   483 | D        | Reached skill level 5 in Hexes
   483 | D        | Reached skill level 1 in Ice Magic
   483 | D        | Reached XP level 4. HP: 21/21 MP: 10/12
   488 | D        | Learned a level 3 spell: Dazzling Spray
   491 | D        | Killed a fire drake
   515 | D        | Noticed a jelly
   516 | D        | Noticed a shadow
   537 | D        | Killed a shadow
   537 | D        | Reached skill level 8 in Dodging
   537 | D        | Reached skill level 9 in Stealth
   537 | D        | Reached skill level 1 in Conjurations
   537 | D        | Reached XP level 5. HP: 24/24 MP: 1/15
   597 | D        | Killed a jelly
   682 | D        | Found a stormy altar of Qazlal.
   683 | D        | Found a sacrificial altar of Ru.
   683 | D        | Found a burning altar of Makhleb.
   683 | D        | Found a viscous altar of Jiyva.
   683 | D        | Found a shimmering altar of Xom.
   683 | D        | Found a shadowy altar of Dithmenos.
   683 | D        | Found a sparkling altar of Nemelex Xobeh.
   683 | D        | Found a corrupted altar of Lugonu.
   683 | D        | Found an opulent altar of Gozag.
   683 | D        | Noticed a spatial vortex
   688 | D        | Became a worshipper of Dithmenos the Shadowed
   865 | D        | Killed a spatial vortex
   865 | D        | Reached skill level 10 in Stealth
   865 | D        | Reached skill level 1 in Invocations
   865 | D        | Reached XP level 6. HP: 28/28 MP: 1/18
   978 | D        | Found a radiant altar of Vehumet.
   979 | D        | Found a deep blue altar of Sif Muna.
   979 | D        | Found an ancient bone altar of Kikubaaqudgha.
   979 | D        | Noticed a wizard
   980 | D        | Killed a wizard
  1002 | D        | Found a glowing silver altar of Zin.
  1003 | D        | Found a glowing golden altar of the Shining One.
  1003 | D        | Found a white marble altar of Elyvilon.
  1003 | D        | Noticed a deep elf priest
  1009 | D        | HP: 1/28 [deep elf priest/divine providence (11)]
  1013 | D        | Killed a deep elf priest
  1013 | D        | Reached skill level 5 in Short Blades
  1013 | D        | Reached skill level 10 in Dodging
  1013 | D        | Reached skill level 11 in Stealth
  1013 | D        | Reached XP level 7. HP: 9/32 MP: 5/20
  1248 | D        | Found an iron altar of Okawaru.
  1249 | D        | Found a bloodstained altar of Trog.
  1249 | D        | Noticed a human
  1249 | D        | Noticed a human
  1251 | D        | Killed a human
  1254 | D        | Killed a human
  1254 | D        | Acquired Dithmenos's first power
  1254 | D        | Reached skill level 12 in Stealth
  1269 | D        | Found a snail-covered altar of Cheibriados.
  1269 | D        | Noticed a necrophage
  1270 | D        | Found a basalt altar of Yredelemnul.
  1270 | D        | Found a blossoming altar of Fedhas.
  1270 | D        | Noticed a necromancer
  1271 | D        | Killed a necrophage
  1272 | D        | Killed a necromancer
  1291 | D        | Noticed a two-headed ogre
  1291 | D        | Noticed a two-headed ogre
  1295 | D        | Killed a two-headed ogre
  1297 | D        | Killed a two-headed ogre
  1297 | D        | Reached XP level 8. HP: 36/36 MP: 22/22
  1300 | D        | Noticed a two-headed ogre
  1301 | D        | Killed a two-headed ogre
  1301 | D        | Acquired Dithmenos's second power
  1307 | D        | Noticed a hill giant
  1310 | D        | Killed a hill giant
  1310 | D        | Reached skill level 10 in Spellcasting
  1316 | D        | Noticed a hill giant
  1316 | D        | Noticed Erolcha
  1318 | D        | Killed Erolcha
  1318 | D        | Reached skill level 13 in Stealth
  1319 | D        | Killed a hill giant
  1319 | D        | Reached skill level 5 in Ice Magic
  1319 | D        | Reached XP level 9. HP: 39/39 MP: 23/25
  1331 | D        | Noticed a redback
  1341 | D        | Killed a redback
  1341 | D        | Acquired Dithmenos's third power
  1341 | D        | Reached skill level 14 in Stealth
  1343 | D        | Killed a yaktaur
  1398 | D        | Noticed a trapdoor spider
  1399 | D        | Noticed a trapdoor spider
  1407 | D        | HP: 1/39 [poisoned by a trapdoor spider]
  1410 | D        | Succumbed to a trapdoor spider's poison

Vault maps used:
D:        dungeon_sprint_mu

Action                   |  1- 3 |  4- 6 |  7- 9 || total
-------------------------+-------+-------+-------++-------
Melee: Dagger            |    26 |    20 |    12 ||    58
 Cast: Ensorcelled Hiber |     4 |     4 |     4 ||    12
       Corona            |     1 |       |       ||     1
       Dazzling Spray    |       |    14 |     3 ||    17
       Tukima's Dance    |       |     1 |       ||     1
  Use: Potion            |     5 |     2 |       ||     7
       Scroll            |     2 |       |       ||     2
 Stab: Sleeping          |     4 |     3 |    11 ||    18
       Distracted        |     1 |       |       ||     1
